 Dungeon Crawl Stone Soup version 0.29-a0-1043-g569b05d6ff (webtiles) character file.

Game seed: 7677396135132478904

676 jlumianski the Chopper (level 7, -1/52 HPs)
             Began as a Demonspawn Gladiator on Aug 16, 2022.
             Slain by a lemure (2 damage)
             ... led by Pikel
             ... on level 5 of the Dungeon.
             The game lasted 00:16:36 (4935 turns).

jlumianski the Chopper (Demonspawn Gladiator)       Turns: 4935, Time: 00:16:36

Health: -1/52      AC: 12    Str: 21    XL:     7   Next: 33%
Magic:  9/10       EV: 12    Int:  9    God:
Gold:   265        SH:  0    Dex: 19    Spells: 9/10 levels left

rFire   + . .      SeeInvis .   l - +3 executioner's axe (pain)
rCold   . . .      Faith    .   (shield currently unavailable)
rNeg    + . .      Spirit   .   F - +2 ring mail {rF+}
rPois   +          Reflect  .   c - +1 helmet
rElec   .          Harm     .   D - +2 ratskin cloak {*Rats rPois rN+ Str-1 Int-1 Dex+1}
rCorr   .          Rampage  .   (no gloves)
Will    .....                   (no boots)
Stlth   ++++......              (no amulet)
HPRegen 0.17/turn               B - +6 ring of strength
MPRegen 0.12/turn               (no ring)

@: no status effects
A: thin skeletal structure 2, demonic magic 2
a: no special abilities


You were on level 5 of the Dungeon.
You visited 1 branch of the dungeon, and saw 5 of its levels.

You collected 327 gold pieces.
You spent 62 gold pieces at shops.

Inventory:

Hand Weapons
 a - a +0 war axe
 l - a +3 executioner's axe of pain (weapon)
 v - a +4 quarterstaff of chaos
 H - a +0 dire flail of draining
Missiles
 d - 2 throwing nets
 e - a javelin
 y - 5 poisoned darts (quivered)
Armour
 b - a +0 leather armour
 c - a +1 helmet (worn)
 f - a +0 buckler
 k - a +0 chain mail
 u - a +0 scale mail
 w - a +0 cloak
 D - the +2 ratskin cloak (worn) {*Rats rPois rN+ Str-1 Int-1 Dex+1}
   (You found it on level 4 of the Dungeon)

   When the wearer is hurt, rats may emerge from it to assist them.
   Str:       It affects your strength (-1).
   Int:       It affects your intelligence (-1).
   Dex:       It affects your dexterity (+1).
   rPois:     It protects you from poison.
   rN:        It protects you from negative energy.
 F - a +2 ring mail of fire resistance (worn)
 G - a +0 chain mail
Jewellery
 B - a +6 ring of strength (left hand)
Wands
 x - a wand of paralysis (14)
 A - a wand of quicksilver (9)
 C - a wand of flame (18)
Scrolls
 j - 3 scrolls of magic mapping
 m - 2 scrolls of amnesia
 E - a scroll of poison
Potions
 g - 2 potions of might
 h - a potion of ambrosia
 i - 4 potions of curing
 n - a potion of attraction
 o - a potion of invisibility
 p - a potion of cancellation
 q - a potion of magic
 r - 2 potions of brilliance
 s - a potion of flight {unknown}
 t - 2 potions of resistance {unknown}
 z - a potion of heal wounds
 I - a potion of degeneration {unknown}


   Skills:
 + Level 3.1 Fighting
 + Level 4.9 Axes
 + Level 2.0 Throwing
 + Level 1.8 Armour
 + Level 3.4 Dodging
 + Level 2.2 Stealth
 - Level 0.2 Shields
 * Level 2.4 Spellcasting
 * Level 2.8 Necromancy


You had 9 spell levels left.
You knew the following spells:

 Your Spells              Type           Power      Damage    Failure   Level
a - Necrotise             Necr           24%        1d5       16%         1

Your spell library contained the following spells:

 Spells                   Type           Power      Damage    Failure   Level
 Vampiric Draining        Necr           6%         2d6       43%         3
 Agony                    Necr           6%         N/A       99%         5


Dungeon Overview and Level Annotations

Branches:
Dungeon (5/15)
 Temple: D:4-7

Altars:

Shops:
D:2 *

Annotations:
D:5 Pikel


Innate Abilities, Weirdness & Mutations

You have a moderately thin skeletal structure. (Dex +4, Stealth++)
Spells you cast may paralyse nearby enemies.


Message History

You slice Pikel!!
Pikel writhes in agony.
Pikel is severely wounded.
The lemure hits you but does no damage.
Pikel hits you with a +1 whip of freezing.
Pikel freezes you.
You barely miss Pikel.
Pikel is severely wounded.
You completely miss the lemure. Pikel barely misses you.
You closely miss Pikel.
Pikel is severely wounded.
You slash the lemure! The lemure hits you but does no damage.
Pikel hits you with a +1 whip of freezing!
Pikel freezes you.
Pikel hits you with a +1 whip of freezing.
Pikel freezes you. The lemure hits you. x2
Casting: Necrotise (safe; 16% risk of failure)
Confirm with . or Enter, or press ? or * to list all spells.
Aiming: Necrotise (safe; 16% risk of failure)
Press: ? - help, Shift-Dir - straight line, f - Pikel
Aim: Pikel, wielding a +1 whip of freezing and wearing a +0 robe (heavily wounded, chance to affect: 53%) Pikel writhes in agony.
Malevolent energies surge around you.
The lemure hits you but does no damage. x2; Pikel hits you but does no damage.
Unknown command.
You closely miss Pikel.
Pikel is severely wounded.
You hit the lemure. You slash the lemure! The lemure hits you.
* * * LOW HITPOINT WARNING * * *
The lemure barely misses you.
Pikel hits you with a +1 whip of freezing!
* * * LOW HITPOINT WARNING * * *
Pikel freezes you.
* * * LOW HITPOINT WARNING * * *
The lemure barely misses you.
Pikel hits you with a +1 whip of freezing.
* * * LOW HITPOINT WARNING * * *
A river rat scurries out from under your cloak.
Pikel freezes you.
* * * LOW HITPOINT WARNING * * *
The lemure hits you.
You die...

#.. ... #.# #.# #+#
####.#### #.#
##.......# #.#
#..##.##.########.#
#..r...........#.).
#5@#########.......
#5K# #.#.#... #..#
...#.##.# #..#
...#.#..... #..#
#####.#.##.# ##..
55......##.# ###
##########.# #)#
#.#


You could see Pikel (ally target), 2 lemures and a friendly river rat.

Vanquished Creatures
  Edmund (D:5)
  Duvessa (D:5)
  A black bear (D:4)
  A lemure (D:5)
  A scorpion (D:3)
  Dowan (D:5)
  A howler monkey (D:4)
  A hound (D:5)
  Crazy Yiuf (D:2)
  An orc priest (D:4)
  Robin (D:2)
  4 adders
  An ufetubus (D:5)
  A worm (D:2)
  2 dart slugs
  3 orcs (D:4)
  6 ball pythons
  6 endoplasms
  3 giant cockroaches
  12 goblins
  9 hobgoblins
  10 kobolds
  2 quokkas (D:1)
  5 bats
  4 frilled lizards
  4 rats
83 creatures vanquished.

Notes
Turn   | Place    | Note
-------+----------+-------------------------------------------
     0 | D:1      | jlumianski the Demonspawn Gladiator began the quest for the
                  | Orb.
     0 | D:1      | Reached XP level 1. HP: 16/16 MP: 1/1
   172 | D:2      | Reached skill level 3 in Axes
   172 | D:2      | Gained mutation: Spells you cast may paralyse adjacent
                  | enemies. [demonic ancestry]
   172 | D:2      | Reached XP level 2. HP: 14/22 MP: 2/2
   357 | D:1      | Learned a level 1 spell: Necrotise
   455 | D:1      | Found a faded altar of an unknown god.
   459 | D:1      | Reached XP level 3. HP: 27/27 MP: 3/3
  1138 | D:2      | Noticed Robin
  1157 | D:2      | Killed Robin
  1754 | D:2      | Gained mutation: You have a somewhat thin skeletal
                  | structure. (Dex +2, Stealth+) [demonic ancestry]
  1754 | D:2      | Reached XP level 4. HP: 33/34 MP: 4/4
  2006 | D:2      | Found Ucoib's Assorted Antiques.
  2009 | D:2      | Reached skill level 1 in Armour
  2031 | D:2      | Bought a scroll of identify for 62 gold pieces
  2168 | D:2      | Found a runed translucent door.
  2169 | D:2      | Noticed Crazy Yiuf
  2413 | D:2      | Killed Crazy Yiuf
  2761 | D:3      | Reached skill level 1 in Necromancy
  2843 | D:3      | Noticed a scorpion
  2858 | D:3      | Killed a scorpion
  2859 | D:3      | Reached skill level 1 in Stealth
  2859 | D:3      | Reached skill level 1 in Spellcasting
  2859 | D:3      | Gained mutation: You have a moderately thin skeletal
                  | structure. (Dex +4, Stealth++) [demonic ancestry]
  2859 | D:3      | Reached XP level 5. HP: 29/39 MP: 6/6
  3136 | D:3      | Identified a scroll of acquirement
  3136 | D:3      | Acquired a +2 executioner's axe of pain
  3464 | D:5      | Entered Level 5 of the Dungeon
  3487 | D:4      | Noticed a black bear
  3496 | D:4      | Killed a black bear
  3497 | D:4      | Reached skill level 4 in Axes
  3497 | D:4      | Reached XP level 6. HP: 44/46 MP: 6/8
  3579 | D:4      | Found the +2 ratskin cloak {*Rats rPois rN+ Str-1 Int-1
                  | Dex+1}
  4383 | D:5      | Noticed Duvessa
  4383 | D:5      | Noticed Dowan
  4392 | D:5      | Killed Duvessa
  4393 | D:5      | Killed Dowan
  4394 | D:5      | Gained mutation: Spells you cast may paralyse nearby
                  | enemies. [demonic ancestry]
  4394 | D:5      | Reached XP level 7. HP: 30/51 MP: 8/10
  4645 | D:5      | Noticed Edmund
  4662 | D:5      | Killed Edmund
  4928 | D:5      | Noticed Pikel
  4935 | D:5      | HP: 2/52 [Pikel/+1 whip of freezing (2)]
  4935 | D:5      | Slain by a lemure

Illustrated notes

Levels and vault maps discovered:
D:1:      nicolae_arrival_somewhat_less_tricky_arrival, layout_basic,
          hellmonk_ecumenical_altar_inner_sanctum
D:2:      layout_basic, serial_shops, nicolae_square_shop, uniq_robin,
          uniq_crazy_yiuf_cottage
D:3:      layout_basic, minmay_surrounded
D:4:      layout_gridville, minmay_misc_feat_columns, chequers_mini_garden
D:5:      layout_loops_corners, vehumet_statue, fedhas_altar_decomposition,
          serial_shops, shop_fountains, uniq_edmund, uniq_duvessa, uniq_pikel

Skill      XL: |  1  2  3  4  5  6  7 |
---------------+----------------------+-----
Axes           | 3 4 |  4.9
Dodging        | 3 |  3.4
Armour         | 1 |  1.8
Necromancy     | 1 2 |  2.8
Stealth        | 1 2 |  2.2
Spellcasting   | 1 2 |  2.4
Throwing       | 2 |  2.0
Fighting       | 3 |  3.1
Shields        | |  0.2

Action                   |  1- 3 |  4- 6 |  7- 9 || total
-------------------------+-------+-------+-------++-------
Melee: War axe           |   108 |    56 |       ||   164
       Executioner's axe |       |    47 |    19 ||    66
Throw: Dart              |       |     6 |       ||     6
       Throwing net      |       |     2 |       ||     2
 Cast: Necrotise         |       |     6 |     1 ||     7
  Use: Scroll            |     3 |    14 |       ||    17
       Potion            |       |     1 |       ||     1
 Stab: Sleeping          |     1 |     8 |     1 ||    10
       Held in net/web   |       |     3 |       ||     3
       Paralysed         |       |     3 |       ||     3
Armor: Leather armour    |    33 |    32 |       ||    65
       Ring mail         |       |       |     8 ||     8
Dodge: Dodged            |    66 |    69 |    15 ||   150
Block: Buckler           |    14 |     8 |       ||    22

Table legend: (Time is in decaauts)
 A = Elapsed time spent in this place.
 B = Non-inter-level travel time spent in this place.
 C = Inter-level travel time spent in this place.
 D = Time resting spent in this place.
 E = Time spent auto-exploring this place.
 F = Levels seen in this place.
 G = Mean time per level.
                   A        B        C        D        E       F      G
               +--------+--------+--------+--------+--------+-----+--------+
         Total |   5040 |   4942 |     98 |    209 |   3413 |   5 | 1008.0 |
       Dungeon |   5040 |   4942 |     98 |    209 |   3413 |   5 | 1008.0 |
               +--------+--------+--------+--------+--------+-----+--------+

Top non-repeatable levels by time:
     D:2: 1635 daAuts
     D:1: 1070 daAuts
     D:5: 812 daAuts
     D:4: 787 daAuts
     D:3: 735 daAuts
